 Dungeon Crawl Stone Soup version 0.28-a0-1493-g08698888e4 (webtiles) character file.

Game seed: 3770836142551231893

488 HallandMoats the Skirmisher (level 7, -4/64 HPs)
             Began as a Ghoul Fighter on Jan 12, 2022.
             Was a Believer of Ashenzari.
             Killed from afar by Ijyb (28 damage)
             ... with a bolt of acid
             ... on level 4 of the Dungeon.
             The game lasted 00:05:19 (3067 turns).

HallandMoats the Skirmisher (Ghoul Fighter)         Turns: 3067, Time: 00:05:20

Health: -4/64      AC:  7    Str: 22    XL:     7   Next: 13%
Magic:  6/6        EV: 11    Int:  3    God:    Ashenzari [**....]
Gold:   155        SH:  4    Dex:  8    Spells: 6/6 levels left

rFire   . . .      SeeInvis +   a - +0 war axe
rCold   + . .      Faith    .   c - +0 buckler "Restrained Together" {Cun, Alch} (curse)
rNeg    + + +      Spirit   .   i - +3 ring mail "Bound Together" {rElec rN+ SInv, Cun, Evo} (curse)
rPois   ∞          Reflect  .   m - +1 helmet
rElec   +          Harm     .   (no cloak)
rCorr   .          Rampage  .   (no gloves)
Will    .....                   (no boots)
Stlth   ..........              (no amulet)
HPRegen 0.00/turn               f - ring of Supernal Gnosis {Slay+4, Self, Fort} (curse)
MPRegen 0.10/turn               (no ring)

@: corroded, inhibited regen, invisible
A: claws 1, cold resistance 1, negative energy resistance 3, inhibited
regeneration, torment resistance 2
a: Renounce Religion, Shatter the Chains


You were on level 4 of the Dungeon.
You worshipped Ashenzari.
Ashenzari was pleased with you.
You visited 1 branch of the dungeon, and saw 4 of its levels.
You visited the Abyss 1 time.

You collected 155 gold pieces.

Inventory:

Hand Weapons
 a - a +0 war axe (weapon)
Armour
 c - the cursed +0 buckler "Restrained Together" (worn) {Cun, Alch}

   It has a curse which improves the following skills: Cunning: Dodging and
   Stealth.
   Alchemy:   Poison Magic and Transmutations.
 i - the cursed +3 ring mail "Bound Together" (worn) {rElec rN+ SInv, Cun, Evo}
   (You found it on level 2 of the Dungeon)

   rElec:     It insulates you from electricity.
   rN:        It protects you from negative energy.
   SInv:      It lets you see invisible.
   It has a curse which improves the following skills: Cunning: Dodging and
   Stealth.
   Evocations: Evocations.
 m - a +1 helmet (worn)
Jewellery
 f - the cursed ring of Supernal Gnosis (left claw) {Slay+4, Self, Fort}
   (You found it on level 3 of the Dungeon)

   [ring of slaying]

   Slay:      It affects your accuracy & damage with ranged weapons and melee
   (+4).
   It has a curse which improves the following skills: Introspection: Fighting
   and Spellcasting.
   Fortitude: Armour and Shields.
Scrolls
 d - a scroll of enchant armour
 e - a scroll of identify
 n - a scroll of magic mapping
Potions
 b - a potion of haste
 g - a potion of mutation
 h - a potion of lignification
 j - 4 potions of curing
 l - a potion of magic


   Skills:
 * Level 5.3(6.5) Fighting
 * Level 4.0 Axes
 + Level 3.6(4.8) Armour
 + Level 2.1(3.5) Dodging
 + Level 3.6(4.8) Shields


You had 6 spell levels left.
You didn't know any spells.
Your spell library contained the following spells:

 Spells                   Type           Power      Damage    Failure   Level
 Corpse Rot               Necr/Air       0%         N/A       88%         2
 Poisonous Vapours        Pois/Air       0%         N/A       88%         2


Dungeon Overview and Level Annotations

Branches:
Dungeon (4/15)
 Temple: D:4-7

Altars:
Ashenzari

Shops:
D:3 !

Annotations:
D:4 Ijyb


Innate Abilities, Weirdness & Mutations

You thrive by killing the living.
You are immune to poison.
You have sharp fingernails.
Your flesh is cold resistant. (rC+)
You are immune to negative energy. (rN+++)
You do not regenerate when monsters are visible.
You are immune to unholy pain and torment.


Message History

Found a stone staircase leading up.
No target in view!
You now have 155 gold pieces (gained 6).
Ijyb the Twisted Goblin comes into view.
She is wielding a +0 club and carrying a wand of acid (9).
Ijyb shouts!
You hear a shout! x3
An orc comes into view. It is wielding a +0 hand axe.
The orc shouts!
You hear a shout!
There are monsters nearby!
An orc wizard comes into view. It is wielding a +0 dagger.
Found a +0 helmet.
The orc wizard shouts!
You hear a shout!
An orc comes into view. It is wielding a +0 club.
There are monsters nearby!
Ijyb hits you with a +0 club.
An orc wizard comes into view. It is wielding a +3 dagger.
There are monsters nearby!
You hit Ijyb but do no damage. Ijyb misses you.
Ijyb zaps a wand.
The bolt of acid hits you!
There are monsters nearby!
You barely miss Ijyb.
An orc comes into view. It is wielding a +0 hand axe.
Ijyb zaps a wand.
The bolt of acid misses you. The orc hits you but does no damage.
There are monsters nearby!
You slice Ijyb!!
Ijyb is severely wounded.
You barely miss the orc.
Ijyb zaps a wand.
The bolt of acid hits you!! The acid corrodes you! The orc misses you.
You are too injured to fight recklessly!
There are monsters nearby!
There are monsters nearby!
You are too injured to fight recklessly!
There are monsters nearby!
You fade into invisibility!
Ijyb barely misses you.
You hit Ijyb.
Ijyb is almost dead.
You hit the orc wizard.
Ijyb zaps a wand.
The bolt of acid misses you.
Ijyb zaps a wand.
The bolt of acid hits you!!
You die...

, ...#+#...#. #...** ,..
#........#) #... ,, #.#
#........# #... *
#.#,#......(.. #..o, #.#
+#...(.... #....
##.#,#.........
#..oo####..###........#
*#...og.....##........#'
#.o@....'...#'#...#)
##...##.#####.##..#. *
#.......#..#...##.#.
#.......##......#.#.
#..####..#########'## ,
, #..* ##..........)..
[..#* ##.......!.....
...#* #..####........
*..# #..# ##.######


You could see Ijyb, 2 orc wizards and 3 orcs.

Vanquished Creatures
  Sigmund (D:3)
  A centaur (D:4)
  A water moccasin zombie (D:3)
  Jessica (D:2)
  2 orc wizards
  A hound skeleton (D:4)
  Robin (D:2)
  An adder (D:3)
  4 dart slugs
  3 orcs
  6 bats
  7 endoplasms
  A giant cockroach (D:1)
  14 goblins
  4 hobgoblins
  4 jackals
  3 quokkas
  6 ball pythons
  3 frilled lizards
  7 kobolds
  A rat (D:1)
72 creatures vanquished.

Notes
Turn   | Place    | Note
-------+----------+-------------------------------------------
     0 | D:1      | HallandMoats the Ghoul Fighter began the quest for the Orb.
     0 | D:1      | Reached XP level 1. HP: 19/19 MP: 0/0
    75 | D:1      | Reached XP level 2. HP: 26/26 MP: 1/1
   407 | D:1      | Reached XP level 3. HP: 31/31 MP: 2/2
   635 | D:2      | Noticed Jessica
   641 | D:2      | Killed Jessica
   642 | D:2      | Reached XP level 4. HP: 33/40 MP: 3/3
   741 | D:2      | Identified the +3 ring mail of Coal {rElec rN+ SInv}
   813 | D:2      | Found a faded altar of an unknown god.
   933 | D:2      | Prayed at the altar of an unknown god.
   933 | D:2      | Became a worshipper of Ashenzari the Shackled
  1038 | D:2      | Noticed Robin
  1047 | D:2      | Reached skill level 1 in Dodging
  1048 | D:2      | Killed Robin
  1049 | D:2      | Reached skill level 4 in Fighting
  1067 | D:2      | Cast into level 1 of the Abyss (goblin)
  1105 | Abyss:2  | Found a corrupted altar of Lugonu.
  1127 | Abyss:4  | Noticed a glowing orange brain
  1131 | Abyss:4  | Noticed a large abomination
  1132 | D:2      | Escaped the Abyss
  1831 | D:3      | Reached * piety under Ashenzari
  1942 | D:3      | Reached XP level 5. HP: 46/46 MP: 4/4
  2321 | D:3      | Found Tetypp's Distillery.
  2435 | D:3      | Noticed Sigmund
  2443 | D:3      | Killed Sigmund
  2444 | D:3      | Reached skill level 5 in Fighting
  2444 | D:3      | Reached XP level 6. HP: 29/56 MP: 5/5
  2446 | D:3      | Reached ** piety under Ashenzari
  2813 | D:4      | Identified the +7 trident of Tomorrow {vorpal, Drain +Blink
                  | rC+}
  2823 | D:4      | Reached XP level 7. HP: 36/64 MP: 6/6
  3059 | D:4      | Noticed Ijyb
  3067 | D:4      | Killed from afar by Ijyb

Illustrated notes

Levels and vault maps discovered:
D:1:      evilmike_arrival_plus, layout_basic
D:2:      layout_loops_corners, shapermc_ecumenical_altar_mp_vishouse,
          minmay_octomino_e4, uniq_robin, uniq_jessica
D:3:      layout_basic, serial_shops, shop, uniq_sigmund
D:4:      layout_layer_cave, minmay_pentangle, uniq_grinder, uniq_natasha,
          uniq_ijyb, uniq_blork_the_orc

Skill      XL: |  1  2  3  4  5  6  7 |
---------------+----------------------+-----
Axes           | 2 3 4 |  4.0
Shields        | 3 |  3.6
Armour         | 3 |  3.6
Dodging        | 1 2 |  2.1
Fighting       | 4 5 |  5.3

Action                   |  1- 3 |  4- 6 |  7- 9 || total
-------------------------+-------+-------+-------++-------
Melee: War axe           |    79 |   126 |    18 ||   223
Invok: Curse Item        |       |     3 |       ||     3
  Use: Potion            |       |     1 |     1 ||     2
Armor: Scale mail        |    19 |       |       ||    19
       Plate armour      |    85 |    15 |       ||   100
       Ring mail         |       |    71 |     9 ||    80
Dodge: Dodged            |    28 |    67 |    16 ||   111
Block: Buckler           |    22 |    32 |     4 ||    58

Table legend: (Time is in decaauts)
 A = Elapsed time spent in this place.
 B = Non-inter-level travel time spent in this place.
 C = Inter-level travel time spent in this place.
 D = Time resting spent in this place.
 E = Time spent auto-exploring this place.
 F = Levels seen in this place.
 G = Mean time per level.
                   A        B        C        D        E       F      G
               +--------+--------+--------+--------+--------+-----+--------+
         Total |   3155 |   3062 |     93 |      0 |   2437 |   8 |  394.4 |
       Dungeon |   3091 |   2998 |     93 |      0 |   2437 |   4 |  772.8 |
         Abyss |     63 |     63 |      0 |      0 |      0 |   4 |   15.8 |
               +--------+--------+--------+--------+--------+-----+--------+

Top non-repeatable levels by time:
     D:3: 1145 daAuts
     D:2: 1020 daAuts
     D:1: 637 daAuts
     D:4: 287 daAuts
 Abyss:1: 35 daAuts
 Abyss:4: 10 daAuts
 Abyss:3: 8 daAuts
 Abyss:2: 8 daAuts
